 Dungeon Crawl Stone Soup version 0.30.1 (webtiles) character file.

Game seed: 2618684894738852297

49 Arctor the Insei (level 3, 24/29 HPs)
             Began as a Draconian Transmuter on July 5, 2023.
             Quit the game on level 2 of the Dungeon.
             The game lasted 00:01:19 (1052 turns).

Arctor the Insei (Draconian Transmuter)             Turns: 1052, Time: 00:01:19

Health: 24/29      AC:  5    Str: 12    XL:     3   Next: 53%
Magic:  5/6        EV: 12    Int: 13    God:
Gold:   68         SH:  0    Dex: 13    Spells: 5/6 levels left

rFire   . .          .
                       - Unarmed
rCold   . . .        (no shield)
rNeg    . . .        (body armour unavailable)
rPois   .            (helmet currently unavailable)
rElec   .            f - scarf {harm}
rCorr   .            (no gloves)
SInv    .            (boots currently unavailable)
Will    .....        (no amulet)
Stlth   +            (no ring)
HPRegen 0.24/turn    (no ring)
MPRegen 0.10/turn

%: harm (+30% outgoing, +20% incoming)
@: appendages
A: horns 2, talons 2, AC +5, unfitting armour, cold-blooded
a: End Transformation


You were on level 2 of the Dungeon.
You had temporarily grown beastly horns and talons.
You visited 1 branch of the dungeon, and saw 2 of its levels.

You collected 68 gold pieces.

Inventory:

Armour
 f - a scarf of harm (worn)
Scrolls
 b - a scroll of amnesia {unknown}
 c - a scroll of fog {unknown}
 d - a scroll of immolation {unknown}
 e - a scroll of silence {unknown}
Potions
 a - a potion of lignification
 g - a potion of might {unknown}
 h - a potion of resistance {unknown}


   Skills:
 + Level 1.9 Fighting
 + Level 2.2 Dodging
 + Level 3.3 Unarmed Combat
 + Level 2.4 Spellcasting
 + Level 2.4 Transmutations


You had 5 spell levels left.
You knew the following spells:

 Your Spells              Type           Power      Damage    Failure   Level
a - Beastly Appendage     Tmut           14%        N/A       9%          1

Your spell library contained the following spells:

 Spells                   Type           Power      Damage    Failure   Level
 Wereblood                Tmut           7%         N/A       14%         2
 Spider Form              Tmut/Pois      4%         N/A       41%         3
 Ice Form                 Ice/Tmut       4%         N/A       83%         4


Dungeon Overview and Level Annotations

Branches:
Dungeon (2/15)

Altars:


Innate Abilities, Weirdness & Mutations

You have temporarily grown beastly horns and talons.
Your plain brown scales are hard. (AC +5)
You cannot fit into any form of body armour.
You are cold-blooded and may be slowed by cold attacks.


Message History

The adder is almost dead.
The adder barely misses you. The goblin closely misses you.
You barely miss the adder. Your kick misses the adder.
The adder is almost dead.
The adder bites you.
You are poisoned.
The adder poisons you! The goblin closely misses you.
The adder closely misses you.
You closely miss the adder. Your kick misses the adder.
Your headbutt misses the adder.
The adder is severely wounded.
You feel sick. The goblin closely misses you. The adder bites you.
You hit the adder.
You kill the adder!
Your transformation is almost over.
You feel sick. The goblin misses you.
You hit the goblin.
You kill the goblin!
You feel sick. The endoplasm freezes you.
You are frozen.
You feel yourself slow down.
You barely miss the endoplasm.
You claw the endoplasm, but do no damage.
You headbutt the endoplasm.
You kill the endoplasm!
You feel sick.
You are no longer poisoned.
No target in view!
No target in view!
You feel yourself speed up.
Your horns disappear.
Your talons disappear.
An adder comes into view.
Things that are here:
a +0 club; 15 gold pieces; a goblin corpse An adder is nearby!
An adder is nearby!
An adder is nearby!
You grow a pair of large bovine horns.
Your feet morph into talons.
The adder hisses angrily.
Are you sure you want to abandon this character and quit the game? (Confirm with "yes".)

.. #.## ...#
#..# #..#
####..####
.###........####
........@S......
#####
###.##..######.
....# .###.##)†#
#<# .........#
#.# .....##.##
#.# .### #†# #.#
#.# #.# #####.#
#.# #.##..)..#


You could see an adder.

Vanquished Creatures
  A gnoll (D:1)
  An adder (D:2)
  A dart slug (D:1)
  A bat (D:1)
  4 endoplasms
  A goblin (D:2)
  2 hobgoblins
  3 jackals (D:1)
  A quokka (D:1)
  4 ball pythons
  4 frilled lizards
  4 rats (D:1)
27 creatures vanquished.

Notes
Turn   | Place    | Note
-------+----------+-------------------------------------------
     0 | D:1      | Arctor the Draconian Transmuter began the quest for the
                  | Orb.
     0 | D:1      | Reached XP level 1. HP: 16/16 MP: 3/3
   279 | D:1      | Reached XP level 2. HP: 23/23 MP: 1/5
   833 | D:1      | Reached XP level 3. HP: 19/29 MP: 4/6
  1052 | D:2      | Quit the game

Illustrated notes

Levels and vault maps discovered:
D:1:      minmay_arrival_doors, layout_loops_ring, minmay_tetromino_i2
D:2:      layout_loops_ring, dreamdust_princess_corridor, uniq_terence,
          uniq_jessica

Skill      XL: |  1  2 |
---------------+-------+-----
Dodging        | 2 |  2.2
Fighting       | |  1.9
Unarmed Combat | |  3.3
Spellcasting   | |  2.4
Transmutations | |  2.4

Action                     || total
---------------------------++-------
  Melee: Unarmed           ||    64
         Kick              ||    15
         Headbutt          ||     6
         Tailslap          ||     3
         Punch             ||     1
   Cast: Beastly Appendage ||    30
 Armour: Skin              ||    17
  Dodge: Dodged            ||    34
